 Dungeon Crawl Stone Soup version 0.19-a0-1035-gdbfb0c6 (webtiles) character file.

448 aronpayne the Insei (level 7, -5/40 HPs)
             Began as a Tengu Transmuter on July 29, 2016.
             Slain by an ogre
             ... wielding a +0 giant club
              (23 damage)
             ... on level 3 of the Dungeon.
             The game lasted 00:24:43 (3836 turns).

aronpayne the Insei (Tengu Transmuter)              Turns: 3836, Time: 00:24:43

Health: -5/40      AC:  9    Str: 11    XL:     7   Next: 3%
Magic:  0/12       EV: 10    Int: 14    God:
Gold:   242        SH:  0    Dex: 15    Spells: 2 memorised, 8 levels left

rFire  + + .     SeeInvis .     q - +1 whip (vamp)
rCold  x . .     Gourm    .     t - +2 scale mail {rF+}
rNeg   . . .     Faith    .     (no shield)
rPois  .         Spirit   +     (helmet restricted)
rElec  .         Dismiss  .     e - +0 cloak
rCorr  .         Reflect  .     (no gloves)
SustAt .         Harm     .     (boots unavailable)
MR     .....                    m - amulet of guardian spirit
Stlth  ..........               (no ring)
                                o - ring of fire

@: glowing, not resistant to hostile enchantments, extremely unstealthy
A: beak, talons 3, able to fly 1
a: Fly


You were on level 3 of the Dungeon.
You were not hungry.

You visited 1 branch of the dungeon, and saw 3 of its levels.

You collected 242 gold pieces.

Inventory:

Hand Weapons
 q - a +1 vampiric whip (weapon)
Missiles
 a - 10 arrows
Armour
 e - a +0 cloak (worn)
 t - a +2 scale mail of fire resistance (worn)
Jewellery
 m - an amulet of guardian spirit (around neck)
 o - a ring of fire (left hand)
Scrolls
 b - a scroll of enchant armour {unknown}
 k - a scroll of enchant weapon
 n - a scroll of fear
 p - a scroll of identify
 s - 2 scrolls of remove curse
 y - a scroll of magic mapping
Potions
 f - a potion of might
 g - a potion of lignification
 h - a potion of flight
 j - a potion of brilliance
 u - a potion of curing
 z - a potion of agility {unknown}
Books
 c - a book of Changes

   Spells                             Type                      Level
   a - Beastly Appendage              Transmutation                1
   b - Sticks to Snakes               Transmutation                2
   c - Spider Form                    Transmutation/Poison         3
   d - Ice Form                       Ice/Transmutation            4
   e - Blade Hands                    Transmutation                5
Comestibles
 i - a meat ration
 v - a beef jerky
 w - 2 fruits
 x - 2 chunks of flesh


   Skills:
 + Level 2.8 Fighting
 + Level 0.8 Throwing
 + Level 4.0 Dodging
 + Level 4.4 Unarmed Combat
 + Level 2.9 Spellcasting
 + Level 3.6 Transmutations


You had 8 spell levels left.
You knew the following spells:

 Your Spells              Type           Power        Failure   Level  Hunger
a - Beastly Appendage     Tmut           ##....       34%         1    #......
b - Sticks to Snakes      Tmut           ##......     56%         2    ##.....


Dungeon Overview and Level Annotations

Branches:
Dungeon (3/15)

Altars:


Innate Abilities, Weirdness & Mutations

You have a beak for a mouth.
You have claws for feet.
You can fly.


Message History

The gnoll is moderately wounded.
The javelin of penetration pierces through the gnoll.
The gnoll is severely wounded.
The gnoll shaman barely misses you.
You closely miss the gnoll. You claw the gnoll. You peck the gnoll.
You kill the gnoll!
The gnoll shaman calls upon its god to heal the gnoll.
The gnoll's wounds heal themselves!
You hit the ogre.
You feel better.
Your kick misses the ogre. You peck the ogre.
The ogre is moderately wounded.
The ogre hits you with a giant club!
You hit the ogre but do no damage. You claw the ogre. You peck the ogre.
The ogre is heavily wounded.
The ogre hits you with a giant club!
You completely miss the ogre.
The ogre is heavily wounded.
The ogre hits you with a giant club!!
Ouch! That really hurt!
You die... #...P≈≈#...################ #....≈≈###'#....'.)g..(..# #....≈≈≈.#.#....###'###### #....≈≈≈.#.#...(# g.g

#....≈≈≈.#.###g## .g.g.
#....≈≈≈.#gg)...# ......g
#....≈≈≈.#gg....# ....O.g
...#....≈≈≈.#O################
###...#....≈≈≈.#@#...........#...
......#....≈≈≈.#.'...)(.....)'.).
......#...P≈≈###'#...........#...
......#....≈≈#...#############'''
......#....≈≈#...#...............
......#....≈≈#####≈≈≈≈≈≈≈≈≈≈≈≈...
......#....≈≈≈≈≈≈≈≈≈≈≈≈≈≈≈≈≈≈≈...
.....##....≈≈≈≈≈≈≈≈≈≈≈≈≈≈≈≈≈≈≈...
......#.....P......(.........)...


You could see an ogre, a gnoll shaman and 3 gnolls.

Vanquished Creatures
  A gnoll shaman (D:3)
  28 gnolls
  3 adders (D:3)
  An ooze (D:3)
  2 worms
  2 dart slugs
  5 giant geckos
  12 orcs (D:3)
  2 bats (D:3)
  A giant cockroach (D:3)
  3 goblins
  2 hobgoblins
  14 jackals (D:3)
  3 quokkas
  A ball python (D:3)
  4 giant newts
  9 kobolds
  9 rats
  A plant (D:3)
103 creatures vanquished.

Vanquished Creatures (collateral kills)
  An adder (D:2)
1 creature vanquished.

Grand Total: 104 creatures vanquished

Notes
Turn   | Place    | Note
-------+----------+-------------------------------------------
     0 | D:1      | aronpayne the Tengu Transmuter began the quest for the Orb.
     0 | D:1      | Reached XP level 1. HP: 12/12 MP: 4/4
   687 | D:1      | Reached XP level 2. HP: 16/16 MP: 4/6
  1150 | D:2      | Learned a level 2 spell: Sticks to Snakes
  1220 | D:2      | Reached XP level 3. HP: 18/20 MP: 7/7
  1482 | D:2      | Reached XP level 4. HP: 13/25 MP: 4/8
  2402 | D:3      | Gained mutation: You can fly. [Tengu growth]
  2402 | D:3      | Reached XP level 5. HP: 21/30 MP: 6/9
  3154 | D:3      | Reached XP level 6. HP: 18/36 MP: 8/11
  3830 | D:3      | Reached XP level 7. HP: 30/40 MP: 9/12
  3836 | D:3      | Slain by an ogre

Vault maps used:
D:1:      minmay_arrival_open_corners, minmay_pentomino_s2
D:3:      lemuel_castle_with_subvaults

Skill      XL: |  1  2  3  4  5  6 |
---------------+-------------------+-----
Transmutations | 2 3 |  3.6
Dodging        | 3 4 |  4.0
Fighting       | 2 |  2.8
Unarmed Combat | 4 |  4.4
Throwing       | |  0.8
Spellcasting   | |  2.9

Action                   |  1- 3 |  4- 6 |  7- 9 || total
-------------------------+-------+-------+-------++-------
Melee: Unarmed           |    69 |   254 |       ||   323
       Headbutt          |     3 |     6 |       ||     9
       Kick              |    12 |    79 |     2 ||    93
       Peck              |     5 |    53 |     3 ||    61
       Punch             |       |     6 |       ||     6
       Whip              |       |    34 |     4 ||    38
Throw: Javelin           |     6 |    41 |     1 ||    48
 Cast: Beastly Appendage |     3 |     2 |       ||     5
       Sticks to Snakes  |     1 |     1 |       ||     2
 Abil: Fly               |       |     2 |       ||     2
  Use: Scroll            |     4 |    10 |       ||    14
 Stab: Sleeping          |     1 |       |       ||     1
  Eat: Beef jerky        |     1 |       |       ||     1
       Chunk             |       |     9 |       ||     9
       Bread ration      |       |     1 |       ||     1
Armor: Leather armour    |    12 |    31 |       ||    43
       Robe              |     2 |       |       ||     2
       Scale mail        |       |    54 |       ||    54
Dodge: Dodged            |    31 |   192 |     1 ||   224
